 Dungeon Crawl Stone Soup version 0.25.1-2-g60ff931df9 (webtiles) character file.

Game seed: 2428729614232679191

10126 Ethylacetat the Frost Mage (level 11, -10/81 HPs)
             Began as a Naga Ice Elementalist on Aug 15, 2020.
             Was a High Priest of Cheibriados.
             Killed from afar by an electric eel (12 damage)
             ... with a bolt of electricity
             ... on level 11 of the Dungeon.
             The game lasted 00:53:30 (11121 turns).

Ethylacetat the Frost Mage (Naga Ice Elementalist) Turns: 11121, Time: 00:53:30

Health: -10/81     AC:  6    Str: 23    XL:     11   Next: 57%
Magic:  22/24      EV: 10    Int: 37    God:    Cheibriados [*****.]
Gold:   517        SH:  6    Dex: 23    Spells: 20/28 levels left

rFire    x . .     SeeInvis +   t - +1 flail (protect)
rCold    + . .     Gourm    .   B - +0 buckler
rNeg     . . .     Faith    .   O - +0 steam dragon scales
rPois    +         Spirit   .   (no helmet)
rElec    .         Reflect  .   (no cloak)
rCorr    .         Harm     .   (no gloves)
MR       +....                  (no barding)
Stlth    +++.......             w - amulet of regeneration
HPRegen  0.63/turn              D - ring of ice
MPRegen  0.19/turn              Q - +6 ring of intelligence

@: frozen ramparts, very slow
A: large, see invisible, deformed body, poison resistance, slowness 2, slow
metabolism 1, spit poison 1, AC +3
a: Spit Poison, Bend Time, Temporal Distortion, Slouch, Step From Time, Renounce
Religion


You were on level 11 of the Dungeon.
You worshipped Cheibriados.
Cheibriados was extremely pleased with you.
You were hungry.

You visited 2 branches of the dungeon, and saw 12 of its levels.
You also visited: Sewer.

You collected 517 gold pieces.

Inventory:

Hand Weapons
 t - a +1 flail of protection (weapon)
Missiles
 l - 8 curare-tipped darts (quivered)
Armour
 B - a +0 buckler (worn)
 O - +0 steam dragon scales (worn)
Jewellery
 w - an amulet of regeneration (around neck)
 D - a ring of ice (left hand)
 Q - a +6 ring of intelligence (right hand)
Wands
 z - a wand of digging (7)
 C - a wand of enslavement (15)
 I - a wand of flame (51)
 K - a wand of polymorph (10)
Scrolls
 e - 8 scrolls of teleportation {unknown}
 f - 2 scrolls of random uselessness {unknown}
 g - 3 scrolls of immolation {unknown}
 k - 3 scrolls of enchant armour {unknown}
 m - 4 scrolls of noise {unknown}
 p - 5 scrolls of remove curse {unknown}
 r - 4 scrolls of amnesia {unknown}
 u - 8 scrolls of identify {unknown}
 y - a scroll of magic mapping {unknown}
 A - 4 scrolls of enchant weapon {unknown}
 J - a scroll of blinking {unknown}
 M - a scroll of fear {unknown}
 P - 2 scrolls of summoning {unknown}
Potions
 b - 5 potions of curing {unknown}
 d - 2 potions of berserk rage {unknown}
 j - 4 potions of heal wounds {unknown}
 n - 5 potions of haste {unknown}
 o - 2 potions of lignification {unknown}
 q - a potion of magic {unknown}
 v - 3 potions of brilliance {unknown}
 x - 3 potions of stabbing {unknown}
 E - a potion of flight {unknown}
 F - a potion of might {unknown}
 H - 2 potions of degeneration {unknown}
 L - a potion of invisibility {unknown}
 N - 2 potions of cancellation {unknown}
Comestibles
 c - 24 rations


   Skills:
 - Level 1.5 Dodging
 - Level 3.0 Stealth
 - Level 2.4 Shields
 + Level 9.3 Spellcasting
 * Level 13.9 Ice Magic
 * Level 4.8 Invocations


You had 20 spell levels left.
You knew the following spells:

 Your Spells              Type           Power        Failure   Level  Hunger
a - Freeze                Ice            ####         0%          1    None
b - Frozen Ramparts       Ice            ######       1%          3    None
c - Hailstorm             Conj/Ice       #######.     1%          4    None

Your spell library contained the following spells:

 Spells                   Type           Power        Failure   Level  Hunger
 Ozocubu's Armour         Chrm/Ice       #######.     1%          3    None
 Summon Ice Beast         Ice/Summ       #######.     1%          4    None


Dungeon Overview and Level Annotations

Branches:
Dungeon (11/15)            Temple (1/1) D:7             Orc (0/2) D:10
  Sewer (visited)
   Lair: D:8-11

Altars:
Ashenzari
Cheibriados
Dithmenos
Gozag
Hepliaklqana
Kikubaaqudgha
Makhleb
Nemelex Xobeh
Okawaru
Qazlal
Ru
Trog
Uskayaw
Vehumet
Xom
Zin
The Shining One

Annotations:
D:11 2 transporters, Johnny's ghost, journeyman DgGl


Innate Abilities, Weirdness & Mutations

You cannot wear boots.
Your serpentine skin is tough. (AC +3)
You have supernaturally acute eyesight. (SInv)
Armour fits poorly on your strangely shaped body.
Your system is resistant to poisons. (rPois)
You cover ground very slowly.
You have a slow metabolism.
You can spit poison.


Message History

The electric eel completely resists.
The bolt of electricity hits you!
The wall freezes the electric eel.
The electric eel seems to slow down.
An electric eel comes into view.
The wall freezes the electric eel.
The electric eel seems to slow down.
The electric eel shoots out a bolt of lightning at you!
The bolt of electricity misses the electric eel.
The bolt of electricity misses you. The bolt of electricity hits you!
The electric eel shoots out a bolt of lightning at you!
The bolt of electricity misses you. The bolt of electricity hits you.
The electric eel shoots out a bolt of lightning at you!
The bolt of electricity hits you!
* * * LOW HITPOINT WARNING * * *
The electric eel shoots out a bolt of lightning at you!
The bolt of electricity hits you!
* * * LOW HITPOINT WARNING * * *
The bolt of electricity hits you!
* * * LOW HITPOINT WARNING * * *
The electric eel shoots out a bolt of lightning at you!
The bolt of electricity hits you!
You die...

..........#......#####....#
#.
..........#.###...........#
#. ..........#.#
#...........# #.
..........#.#
#...........######.
.........>#.#
#...............##.
............#
#...........###..'.
..........### #...........#
####. ..........#
#...........# #>
##.######## ##@##########
#. #.## #†.# #. #..# .).≈≈
.. ##.# ....≈;;≈ .. #.#
.≈≈..≈≈;≈≈≈ . ##÷######
...≈≈≈.≈≈≈≈≈ #.......#
#..≈≈≈≈≈≈≈≈≈≈ #.......#
....≈≈≈≈.≈..≈ #.......##


You could see 3 electric eels.

Vanquished Creatures
  Erica (D:11)
  Pikel (D:6)
  A centaur zombie (D:11)
  A manticore (D:11)
  Psyche (D:8)
  2 trolls
  A hornet (D:9)
  5 hippogriffs
  A water elemental (D:11)
  2 humans (D:9)
  A steam dragon (D:9)
  A hungry ghost (D:10)
  Menkaure (D:5)
  2 two-headed ogre zombies (D:10)
  5 orc warriors
  4 black bears
  A sky beast (D:8)
  3 slaves (D:6)
  An ice beast (D:9)
  A hornet zombie (D:6)
  2 centaurs (D:10)
  A necrophage (D:10)
  5 ogres
  5 phantoms
  A big kobold (D:10)
  13 bullfrogs
  A troll zombie (D:10)
  A scorpion (D:4)
  9 killer bees
  A howler monkey (D:5)
  2 crimson imps
  5 jellies
  A quasit (D:11)
  5 hounds
  2 centaur skeletons
  5 orc priests
  13 orc wizards
  3 bullfrog skeletons
  Ijyb (D:5)
  6 worker ants
  5 ogre zombies (D:10)
  A hound skeleton (D:5)
  A mummy (D:6)
  A worker ant zombie (D:5)
  8 gnolls
  12 adders
  A howler monkey skeleton (D:4)
  2 shadow imps
  5 oozes (D:9)
  3 adder zombies
  2 adder skeletons
  6 worms
  4 dart slugs
  15 leopard geckos
  45 orcs
  5 ball pythons
  11 bats
  14 giant cockroaches
  9 goblins
  7 hobgoblins
  17 jackals
  8 kobolds
  4 quokkas
  6 frilled lizards
  2 goblin skeletons (D:10)
  A goblin zombie (D:10)
  A hobgoblin skeleton (D:10)
  5 hobgoblin zombies
  A jackal skeleton (D:6)
  A jackal zombie (D:9)
  A kobold zombie (D:6)
  A leopard gecko zombie (D:5)
  5 orc skeletons (D:10)
  14 orc zombies
  A quokka skeleton (D:5)
  9 rats
352 creatures vanquished.

Vanquished Creatures (others)
  A slave (D:6)
1 creature vanquished.

Grand Total: 353 creatures vanquished

Notes
Turn   | Place    | Note
-------+----------+-------------------------------------------
     0 | D:1      | Ethylacetat the Naga Ice Elementalist began the quest for
                  | the Orb.
     0 | D:1      | Reached XP level 1. HP: 15/15 MP: 3/3
    39 | D:1      | Reached XP level 2. HP: 8/22 MP: 0/5
   586 | D:1      | Reached XP level 3. HP: 25/28 MP: 2/6
  1561 | D:2      | Reached skill level 5 in Ice Magic
  1561 | D:2      | Reached XP level 4. HP: 30/36 MP: 3/8
  1578 | D:2      | Learned a level 3 spell: Frozen Ramparts
  1964 | D:3      | Reached XP level 5. HP: 33/42 MP: 0/9
  2402 | D:3      | Reached skill level 6 in Ice Magic
  2918 | D:3      | You fall into a shaft and drop 2 floors!
  2918 | D:5      | Entered Level 5 of the Dungeon
  2942 | D:5      | Noticed an ogre
  2953 | D:5      | Killed an ogre
  2953 | D:5      | Reached XP level 6. HP: 15/49 MP: 6/11
  3239 | D:5      | Reached skill level 7 in Ice Magic
  3332 | D:4      | Reached XP level 7. HP: 45/55 MP: 10/13
  3843 | D:4      | Reached skill level 1 in Shields
  4035 | D:4      | Found a glowing golden altar of the Shining One.
  4037 | D:4      | Found a sparkling altar of Nemelex Xobeh.
  4038 | D:4      | Found a hide-covered altar of Uskayaw.
  4135 | D:4      | Reached skill level 8 in Ice Magic
  4135 | D:4      | Reached XP level 8. HP: 50/62 MP: 2/15
  4596 | D:5      | Noticed Ijyb
  4607 | D:5      | Killed Ijyb
  4706 | D:5      | Reached skill level 5 in Spellcasting
  4904 | D:5      | Noticed Menkaure
  4914 | D:5      | Killed Menkaure
  5143 | D:5      | Reached skill level 9 in Ice Magic
  5416 | D:6      | Noticed Pikel
  5423 | D:6      | Killed Pikel
  5423 | D:6      | Reached skill level 10 in Ice Magic
  5423 | D:6      | Reached XP level 9. HP: 61/68 MP: 12/18
  5770 | D:6      | Found a glowing drain.
  5783 | Sewer    | Entered a sewer
  6654 | D:7      | Found a staircase to the Ecumenical Temple.
  6658 | D:7      | Found a radiant altar of Vehumet.
  6662 | Temple   | Entered the Ecumenical Temple
  6696 | Temple   | Became a worshipper of Cheibriados the Contemplative
  6775 | D:7      | Reached skill level 11 in Ice Magic
  6819 | D:7      | Learned a level 4 spell: Hailstorm
  6867 | D:7      | Found Bethrucwu's Distillery.
  7116 | D:7      | Reached * piety under Cheibriados
  7685 | D:8      | Noticed Psyche
  7697 | D:8      | Killed Psyche
  7697 | D:8      | Reached XP level 10. HP: 32/75 MP: 12/21
  8303 | D:9      | Reached skill level 12 in Ice Magic
  8477 | D:9      | Found a hazy altar of Hepliaklqana.
  8506 | D:9      | Reached ** piety under Cheibriados
  8721 | D:9      | Found an iron altar of Okawaru.
  8826 | D:9      | Found a sacrificial altar of Ru.
  9200 | D:9      | Reached *** piety under Cheibriados
  9201 | D:9      | Reached skill level 13 in Ice Magic
  9440 | D:10     | Entered Level 10 of the Dungeon
  9507 | D:10     | Found a shimmering altar of Xom.
  9541 | D:10     | Found a staircase to the Orcish Mines.
  9617 | D:10     | Reached XP level 11. HP: 63/81 MP: 6/23
  9706 | D:10     | Reached **** piety under Cheibriados
  9879 | D:10     | Reached skill level 1 in Invocations
 10748 | D:11     | Noticed a manticore
 10763 | D:11     | Killed a manticore
 10910 | D:11     | Noticed a moth of wrath
 10911 | D:11     | Noticed a two-headed ogre
 10913 | D:11     | Noticed a two-headed ogre
 10914 | D:11     | Noticed a cyclops
 10922 | D:11     | Noticed Johnny's ghost (journeyman DgGl)
 10925 | D:11     | Found a bloodstained altar of Trog.
 10935 | D:11     | Noticed Erica
 10943 | D:11     | Killed Erica
 10944 | D:11     | Reached ***** piety under Cheibriados
 10990 | D:11     | Found a transporter.
 11089 | D:11     | Found a transporter.
 11121 | D:11     | HP: 2/81 [electric eel/bolt of electricity (13)]
 11121 | D:11     | Killed from afar by an electric eel

Illustrated notes

Levels and vault maps discovered:
D:1:      wander_arrival_estate, layout_basic
D:2:      layout_loops_ring, kennysheep_generic_room_8
D:3:      layout_basic, minmay_box_of_dots
D:4:      layout_rooms, gammafunk_temple_overflow_forgotten, first_ration,
          hangedman_abyss_or_decor_slice, grunt_decor_arrowhead
D:5:      minmay_chambers_of_threes, layout_loops_cross, uniq_ijyb,
          uniq_menkaure
D:6:      layout_basic, gup_sewer_entry_pipe, minmay_mini_ossuary, uniq_pikel
D:7:      layout_loops_ring, vehumet_altar_wand_db,
          minmay_temple_entry_crystal_x, serial_shops, shop_fountains
D:8:      layout_cave_pods, serial_column_ruins, column_ruins_grid_1,
          column_ruins_open_tiny, column_ruins_corridor_plus,
          column_ruins_open_small, column_ruins_grid_4, sigmund_army,
          uniq_psyche
D:9:      layout_basic, lemuel_doored_altar, kennysheep_mini,
          hangedman_little_slice_of_home, okawaru_humans
D:10:     layout_cave_pods, zombieorc2_lemuel, basic_altar
D:11:     layout_roguey, erik_lair_island, gammafunk_ghost_wrathful_warriors,
          uniq_erica
Temple:   eino_temple_scatter_basement

Skill      XL: |  1  2  3  4  5  6  7  8  9 10 11 |
---------------+----------------------------------+-----
Ice Magic      | 5 6 7 8 10 11 13 | 13.9
Spellcasting   | 3 4 6 7 8 9 |  9.3
Shields        | 1 2 |  2.4
Invocations    | 4 |  4.8
Dodging        | |  1.5
Stealth        | |  3.0

Action                   |  1- 3 |  4- 6 |  7- 9 | 10-12 || total
-------------------------+-------+-------+-------+-------++-------
Melee: Unarmed           |     9 |     4 |       |       ||    13
       Dagger            |       |     5 |       |       ||     5
       Flail             |       |    58 |   320 |   310 ||   688
 Cast: Freeze            |    18 |    32 |    69 |    27 ||   146
       Frozen Ramparts   |       |    12 |    40 |    36 ||    88
       Hailstorm         |       |       |       |    13 ||    13
 Abil: Spit Poison       |    36 |    28 |    16 |    11 ||    91
 Stab: Distracted        |       |     1 |       |       ||     1
       Sleeping          |       |       |     3 |     1 ||     4
  Eat: Chunk             |     3 |     7 |    16 |     7 ||    33
       Ration            |       |       |       |     1 ||     1
Armor: Robe              |     7 |    18 |   142 |    25 ||   192
       Steam dragon scal |       |       |       |   149 ||   149
Dodge: Dodged            |    13 |    53 |   334 |   219 ||   619
Block: Buckler           |       |       |     5 |   102 ||   107
